[ AOE2 MATCH · #479225422 ]
Team RMCumans vs Franks
[ REPLAY ANALYSIS · EXTRACTED FROM THE RECORDED GAME ]
Feudal
11:35
Castle
29:00
Imperial
—
| APM avg | 12.4 |
| APM peak | 40 |
| eAPM avg | 8.9 |
| Villagers / military | 54 / 35 |
Focus
⚔️ 35.8% · 🌾 64.2%
Knight ×24 · Battering Ram ×9 · Spearman ×2
Feudal
11:25
Castle
16:09
Imperial
31:48
| APM avg | 28.2 |
| APM peak | 51 |
| eAPM avg | 14.3 |
| Villagers / military | 93 / 120 |
Focus
⚔️ 31.8% · 🌾 68.2%
Archer ×59 · Shotel Warrior ×47 · Spearman ×7 · Monk ×3 · Skirmisher ×2 · Trebuchet (Packed) ×2
Feudal
11:56
Castle
16:45
Imperial
49:56
| APM avg | 19.4 |
| APM peak | 45 |
| eAPM avg | 14.2 |
| Villagers / military | 141 / 82 |
Focus
⚔️ 24.5% · 🌾 75.5%
Knight ×35 · Spearman ×35 · Throwing Axeman ×8 · Mangonel ×3 · Battering Ram ×1
Feudal
9:45
Castle
25:33
Imperial
52:16
| APM avg | 29.2 |
| APM peak | 74 |
| eAPM avg | 13.0 |
| Villagers / military | 66 / 196 |
Focus
⚔️ 45.9% · 🌾 54.1%
Skirmisher ×79 · Militia ×70 · Composite Bowman ×15 · Spearman ×9 · Knight ×8 · Battering Ram ×7
Match map
Initial resources + every placement click. Lines = walls · curves = elevation contours. ◆ gold · ⬟ stone · ● berries · ✦ relic · ◌ wall gap
Your base· ✓ Closed at 29:00 · 10t walls · 2 gate(s)
sto100's base· ✓ Closed at 16:09 · 0t walls · 3 gate(s)
ALESHIN_ALX's base· ✓ Closed at 16:45 · 0t walls · 3 gate(s)
Kreacher's base· ✓ Closed at 25:33 · 0t walls · 3 gate(s)
Smoothed initial terrain · ◌ = detected wall gap · hover for details
Inputs per minute
— Hedwig - - sto100
Build order — Hedwig
First 150 of 176 actions detected
| 0:06 | Build | House |
| 0:06 | Build | House |
| 0:09 | Create | Villager (Male) |
| 0:09 | Create | Villager (Male) |
| 0:09 | Create | Villager (Male) |
| 0:09 | Create | Villager (Male) |
| 1:38 | Create | Villager (Male) |
| 1:38 | Create | Villager (Male) |
| 2:14 | Create | Villager (Male) |
| 2:41 | Create | Villager (Male) |
| 3:04 | Create | Villager (Male) |
| 3:06 | Create | Villager (Male) |
| 3:38 | Build | House |
| 3:39 | Build | House |
| 3:40 | Build | House |
| 4:00 | Create | Villager (Male) |
| 4:01 | Create | Villager (Male) |
| 4:31 | Build | Mill |
| 4:59 | Create | Villager (Male) |
| 4:59 | Create | Villager (Male) |
| 4:59 | Create | Villager (Male) |
| 5:15 | Create | Villager (Male) |
| 5:15 | Create | Villager (Male) |
| 5:16 | Create | Villager (Male) |
| 7:03 | Build | Lumber Camp |
| 7:07 | Create | Villager (Male) |
| 7:08 | Create | Villager (Male) |
| 8:30 | Build | Mining Camp |
| 8:34 | Create | Villager (Male) |
| 8:52 | Create | Villager (Male) |
| 9:16 | Research | Feudal Age |
| 9:56 | Build | House |
| 9:57 | Build | House |
| 9:58 | Build | House |
| 9:59 | Build | House |
| 10:32 | Build | Barracks |
| 11:04 | Create | Villager (Male) |
| 11:05 | Create | Villager (Male) |
| 11:09 | Research | Loom |
| 11:10 | Create | Villager (Male) |
| 11:10 | Create | Villager (Male) |
| 11:10 | Create | Villager (Male) |
| 11:11 | Create | Villager (Male) |
| 11:22 | Create | Villager (Male) |
| 11:35 | Age | Feudal Age |
| 11:40 | Build | Blacksmith |
| 12:24 | Build | Siege Workshop |
| 12:42 | Create | Villager (Male) |
| 12:42 | Create | Villager (Male) |
| 13:11 | Create | Battering Ram |
| 13:11 | Create | Battering Ram |
| 13:29 | Build | Town Center |
| 13:34 | Create | Villager (Male) |
| 13:34 | Create | Villager (Male) |
| 13:35 | Create | Villager (Male) |
| 13:50 | Create | Battering Ram |
| 14:29 | Create | Battering Ram |
| 15:14 | Create | Battering Ram |
| 15:25 | Create | Villager (Male) |
| 15:46 | Create | Battering Ram |
| 15:49 | Create | Spearman |
| 16:03 | Create | Spearman |
| 16:54 | Create | Battering Ram |
| 17:03 | Research | Double-Bit Axe |
| 20:04 | Create | Battering Ram |
| 20:05 | Create | Battering Ram |
| 21:34 | Research | Horse Collar |
| 22:20 | Build | Farm |
| 22:21 | Build | Farm |
| 22:23 | Build | Farm |
| 22:24 | Build | Farm |
| 22:26 | Build | Farm |
| 22:27 | Build | Farm |
| 22:29 | Build | Farm |
| 22:30 | Build | Farm |
| 23:12 | Build | Market |
| 23:29 | Build | Palisade Wall |
| 23:53 | Build | Barracks |
| 23:58 | Build | House |
| 24:48 | Build | House |
| 24:52 | Build | House |
| 24:53 | Build | House |
| 24:55 | Build | House |
| 26:20 | Research | Castle Age |
| 28:43 | Build | Stable |
| 28:46 | Build | Stable |
| 28:48 | Build | Stable |
| 28:52 | Create | Villager (Male) |
| 28:52 | Create | Villager (Male) |
| 28:52 | Create | Villager (Male) |
| 29:00 | Age | Castle Age |
| 29:29 | Create | Knight |
| 29:30 | Create | Knight |
| 29:46 | Create | Knight |
| 29:46 | Create | Knight |
| 30:56 | Build | Mill |
| 31:42 | Build | Market |
| 32:55 | Create | Knight |
| 33:06 | Build | House |
| 33:07 | Build | House |
| 33:08 | Build | House |
| 33:10 | Build | House |
| 33:43 | Create | Knight |
| 33:51 | Create | Knight |
| 33:57 | Create | Knight |
| 34:48 | Create | Knight |
| 35:12 | Create | Knight |
| 35:52 | Create | Knight |
| 36:01 | Build | Blacksmith |
| 36:51 | Build | House |
| 36:56 | Build | House |
| 36:59 | Build | House |
| 37:34 | Build | Town Center |
| 38:45 | Research | Bloodlines |
| 39:08 | Build | Farm |
| 39:09 | Build | Farm |
| 39:11 | Build | Farm |
| 39:12 | Build | Farm |
| 39:13 | Build | Farm |
| 39:14 | Build | Farm |
| 39:17 | Create | Villager (Male) |
| 39:18 | Create | Villager (Male) |
| 39:29 | Build | Lumber Camp |
| 39:58 | Build | Farm |
| 40:26 | Create | Villager (Male) |
| 40:46 | Build | Stable |
| 40:51 | Build | Stable |
| 40:54 | Build | Stable |
| 41:03 | Build | House |
| 41:04 | Build | House |
| 41:05 | Build | House |
| 41:06 | Build | House |
| 41:08 | Build | House |
| 41:10 | Build | House |
| 41:11 | Build | House |
| 41:13 | Build | House |
| 41:14 | Build | House |
| 41:15 | Build | House |
| 41:39 | Create | Villager (Male) |
| 42:17 | Create | Knight |
| 42:19 | Create | Knight |
| 42:20 | Create | Knight |
| 42:31 | Create | Villager (Male) |
| 43:32 | Build | Blacksmith |
| 43:47 | Create | Villager (Male) |
| 43:47 | Create | Villager (Male) |
| 43:48 | Create | Villager (Male) |
| 43:57 | Build | Mining Camp |
| 44:24 | Research | Scale Barding Armor |
| 44:44 | Create | Villager (Male) |
Build order — sto100
First 150 of 320 actions detected
| 0:01 | Create | Villager (Male) |
| 0:02 | Create | Villager (Male) |
| 0:02 | Create | Villager (Male) |
| 0:03 | Build | House |
| 0:05 | Build | House |
| 0:10 | Create | Villager (Male) |
| 0:10 | Create | Villager (Male) |
| 1:33 | Create | Villager (Male) |
| 1:33 | Create | Villager (Male) |
| 1:46 | Build | Lumber Camp |
| 2:05 | Create | Villager (Male) |
| 2:25 | Create | Villager (Male) |
| 2:25 | Create | Villager (Male) |
| 2:55 | Create | Villager (Male) |
| 3:02 | Build | House |
| 3:08 | Create | Villager (Male) |
| 3:09 | Create | Villager (Male) |
| 3:37 | Create | Villager (Male) |
| 3:37 | Create | Villager (Male) |
| 3:59 | Build | Mill |
| 4:00 | Create | Villager (Male) |
| 4:00 | Create | Villager (Male) |
| 4:01 | Create | Villager (Male) |
| 4:24 | Create | Villager (Male) |
| 4:24 | Create | Villager (Male) |
| 5:17 | Create | Villager (Male) |
| 5:17 | Create | Villager (Male) |
| 5:18 | Create | Villager (Male) |
| 5:45 | Build | Mill |
| 5:52 | Create | Villager (Male) |
| 6:27 | Create | Villager (Male) |
| 7:00 | Create | Villager (Male) |
| 7:05 | Build | House |
| 7:10 | Research | Loom |
| 7:10 | Create | Villager (Male) |
| 7:24 | Create | Villager (Male) |
| 8:17 | Create | Villager (Male) |
| 8:32 | Create | Villager (Male) |
| 8:53 | Research | Feudal Age |
| 9:20 | Build | Mining Camp |
| 9:46 | Build | House |
| 10:08 | Build | Mining Camp |
| 10:34 | Build | Farm |
| 10:34 | Build | Farm |
| 10:35 | Build | Farm |
| 10:35 | Build | Farm |
| 10:35 | Build | Farm |
| 11:25 | Age | Feudal Age |
| 11:27 | Create | Villager (Male) |
| 11:31 | Create | Villager (Male) |
| 11:54 | Build | Market |
| 12:00 | Build | Blacksmith |
| 12:09 | Build | Farm |
| 12:22 | Research | Double-Bit Axe |
| 12:50 | Build | Outpost |
| 12:56 | Create | Villager (Male) |
| 13:20 | Build | Barracks |
| 13:29 | Research | Castle Age |
| 14:06 | Build | House |
| 14:08 | Build | House |
| 14:32 | Create | Villager (Male) |
| 14:33 | Create | Villager (Male) |
| 14:39 | Research | Town Watch |
| 15:10 | Research | Wheelbarrow |
| 15:53 | Research | Gold Mining |
| 16:09 | Age | Castle Age |
| 16:12 | Build | Monastery |
| 17:10 | Create | Monk |
| 17:36 | Build | Castle |
| 17:52 | Build | Archery Range |
| 17:59 | Research | Fletching |
| 18:44 | Create | Villager (Male) |
| 18:44 | Create | Villager (Male) |
| 18:44 | Create | Villager (Male) |
| 18:45 | Create | Villager (Male) |
| 18:57 | Create | Archer |
| 18:58 | Create | Archer |
| 18:58 | Create | Archer |
| 18:58 | Create | Archer |
| 18:59 | Create | Archer |
| 18:59 | Create | Archer |
| 19:41 | Build | Mining Camp |
| 20:02 | Create | Villager (Male) |
| 20:03 | Create | Villager (Male) |
| 20:03 | Create | Villager (Male) |
| 20:03 | Create | Villager (Male) |
| 20:44 | Create | Shotel Warrior |
| 20:45 | Create | Shotel Warrior |
| 20:45 | Create | Shotel Warrior |
| 20:45 | Create | Shotel Warrior |
| 21:14 | Create | Shotel Warrior |
| 21:49 | Create | Shotel Warrior |
| 21:49 | Create | Shotel Warrior |
| 22:57 | Create | Shotel Warrior |
| 23:20 | Create | Villager (Male) |
| 23:21 | Create | Villager (Male) |
| 23:23 | Build | Farm |
| 23:24 | Build | Farm |
| 23:24 | Build | Farm |
| 23:24 | Build | Farm |
| 23:24 | Build | Farm |
| 23:52 | Create | Shotel Warrior |
| 24:09 | Create | Villager (Male) |
| 24:09 | Create | Villager (Male) |
| 24:54 | Research | Bodkin Arrow |
| 26:07 | Create | Shotel Warrior |
| 26:07 | Create | Shotel Warrior |
| 26:14 | Create | Archer |
| 26:14 | Create | Archer |
| 26:15 | Create | Archer |
| 26:15 | Create | Archer |
| 27:12 | Create | Shotel Warrior |
| 27:12 | Create | Shotel Warrior |
| 27:13 | Create | Shotel Warrior |
| 27:13 | Create | Shotel Warrior |
| 28:07 | Create | Shotel Warrior |
| 28:07 | Create | Shotel Warrior |
| 28:07 | Create | Shotel Warrior |
| 28:38 | Research | Imperial Age |
| 29:08 | Research | Crossbowman (upgrade) |
| 29:31 | Build | Town Center |
| 30:41 | Create | Archer |
| 30:41 | Create | Archer |
| 30:41 | Create | Archer |
| 30:44 | Research | Padded Archer Armor |
| 31:11 | Build | University |
| 31:20 | Create | Villager (Male) |
| 31:20 | Create | Villager (Male) |
| 31:48 | Age | Imperial Age |
| 31:54 | Create | Trebuchet (Packed) |
| 32:04 | Research | Ballistics |
| 32:17 | Create | Archer |
| 32:17 | Create | Archer |
| 32:18 | Create | Archer |
| 32:18 | Create | Archer |
| 32:19 | Create | Archer |
| 32:20 | Create | Archer |
| 32:20 | Create | Archer |
| 32:29 | Create | Villager (Male) |
| 32:31 | Build | Farm |
| 32:32 | Build | Farm |
| 32:33 | Build | Farm |
| 32:33 | Build | Farm |
| 32:37 | Create | Villager (Male) |
| 32:37 | Create | Villager (Male) |
| 32:37 | Create | Villager (Male) |
| 33:13 | Research | Bracer |
| 33:41 | Build | House |
| 33:43 | Build | House |
| 33:44 | Build | House |
Build order — ALESHIN_ALX
First 150 of 313 actions detected
| 0:02 | Create | Villager (Male) |
| 0:03 | Create | Villager (Male) |
| 0:03 | Create | Villager (Male) |
| 0:05 | Build | House |
| 0:07 | Build | House |
| 0:33 | Create | Villager (Male) |
| 0:33 | Create | Villager (Male) |
| 1:35 | Create | Villager (Male) |
| 1:35 | Create | Villager (Male) |
| 1:46 | Build | Lumber Camp |
| 2:07 | Create | Villager (Male) |
| 2:07 | Create | Villager (Male) |
| 2:26 | Create | Villager (Male) |
| 2:26 | Create | Villager (Male) |
| 2:59 | Create | Villager (Male) |
| 3:00 | Create | Villager (Male) |
| 3:32 | Create | Villager (Male) |
| 3:32 | Create | Villager (Male) |
| 3:44 | Build | Mill |
| 3:57 | Build | House |
| 4:06 | Create | Villager (Male) |
| 4:06 | Create | Villager (Male) |
| 4:14 | Create | Villager (Male) |
| 4:14 | Create | Villager (Male) |
| 4:31 | Build | House |
| 5:07 | Create | Villager (Male) |
| 5:07 | Create | Villager (Male) |
| 5:07 | Create | Villager (Male) |
| 5:16 | Create | Villager (Male) |
| 5:17 | Create | Villager (Male) |
| 5:19 | Build | House |
| 5:39 | Build | Mining Camp |
| 6:02 | Create | Villager (Male) |
| 6:03 | Create | Villager (Male) |
| 6:03 | Create | Villager (Male) |
| 6:48 | Build | Mill |
| 6:52 | Create | Villager (Male) |
| 6:52 | Create | Villager (Male) |
| 7:13 | Create | Villager (Male) |
| 7:13 | Create | Villager (Male) |
| 7:38 | Create | Villager (Male) |
| 7:38 | Create | Villager (Male) |
| 7:39 | Create | Villager (Male) |
| 8:18 | Create | Villager (Male) |
| 8:18 | Create | Villager (Male) |
| 8:26 | Build | Mining Camp |
| 8:32 | Create | Villager (Male) |
| 8:32 | Create | Villager (Male) |
| 9:46 | Research | Feudal Age |
| 11:24 | Create | Villager (Male) |
| 11:24 | Create | Villager (Male) |
| 11:26 | Research | Loom |
| 11:56 | Age | Feudal Age |
| 12:00 | Build | Market |
| 12:05 | Build | Blacksmith |
| 13:17 | Create | Villager (Male) |
| 14:05 | Research | Castle Age |
| 14:19 | Build | House |
| 14:26 | Build | Farm |
| 14:27 | Build | Farm |
| 14:30 | Build | Farm |
| 14:32 | Build | Farm |
| 14:42 | Build | Farm |
| 15:12 | Build | House |
| 15:48 | Build | Farm |
| 16:45 | Age | Castle Age |
| 17:09 | Build | Siege Workshop |
| 17:28 | Build | Gate |
| 17:30 | Build | Gate |
| 17:41 | Build | Castle |
| 17:45 | Build | House |
| 17:47 | Build | House |
| 17:50 | Build | House |
| 17:53 | Build | House |
| 18:39 | Create | Mangonel |
| 18:39 | Create | Mangonel |
| 21:17 | Build | Lumber Camp |
| 22:43 | Build | Town Center |
| 23:34 | Create | Villager (Male) |
| 23:34 | Create | Villager (Male) |
| 23:35 | Create | Villager (Male) |
| 24:38 | Create | Villager (Male) |
| 24:38 | Create | Villager (Male) |
| 25:21 | Build | Castle |
| 26:15 | Create | Villager (Male) |
| 26:15 | Create | Villager (Male) |
| 26:16 | Create | Villager (Male) |
| 26:16 | Create | Villager (Male) |
| 26:45 | Create | Villager (Male) |
| 26:45 | Create | Villager (Male) |
| 26:58 | Build | Town Center |
| 27:50 | Create | Villager (Male) |
| 27:50 | Create | Villager (Male) |
| 28:33 | Create | Throwing Axeman |
| 28:33 | Create | Throwing Axeman |
| 28:49 | Build | Watch Tower |
| 29:04 | Build | Farm |
| 29:05 | Build | Farm |
| 29:06 | Build | Farm |
| 29:09 | Build | Farm |
| 31:26 | Create | Villager (Male) |
| 31:26 | Create | Villager (Male) |
| 31:39 | Create | Mangonel |
| 32:32 | Create | Villager (Male) |
| 32:51 | Create | Villager (Male) |
| 32:51 | Create | Villager (Male) |
| 33:03 | Build | Gate |
| 33:08 | Build | Stone Wall |
| 33:10 | Create | Villager (Male) |
| 33:11 | Create | Villager (Male) |
| 34:14 | Build | Town Center |
| 34:24 | Create | Villager (Male) |
| 34:25 | Create | Villager (Male) |
| 34:25 | Create | Villager (Male) |
| 34:25 | Create | Villager (Male) |
| 34:40 | Build | Gate |
| 34:45 | Create | Villager (Male) |
| 34:45 | Create | Villager (Male) |
| 35:05 | Create | Villager (Male) |
| 35:05 | Create | Villager (Male) |
| 36:42 | Create | Villager (Male) |
| 36:43 | Create | Villager (Male) |
| 36:51 | Build | Farm |
| 37:20 | Create | Villager (Male) |
| 37:20 | Create | Villager (Male) |
| 37:24 | Build | Farm |
| 37:51 | Build | Barracks |
| 37:54 | Create | Villager (Male) |
| 37:54 | Create | Villager (Male) |
| 38:46 | Create | Villager (Male) |
| 38:46 | Create | Villager (Male) |
| 38:58 | Create | Battering Ram |
| 39:03 | Create | Villager (Male) |
| 39:03 | Create | Villager (Male) |
| 39:26 | Create | Villager (Male) |
| 39:26 | Create | Villager (Male) |
| 39:27 | Create | Villager (Male) |
| 39:27 | Create | Villager (Male) |
| 40:02 | Create | Villager (Male) |
| 40:02 | Create | Villager (Male) |
| 40:05 | Build | Farm |
| 40:06 | Build | Farm |
| 40:07 | Create | Villager (Male) |
| 40:08 | Create | Villager (Male) |
| 40:23 | Create | Villager (Male) |
| 40:23 | Create | Villager (Male) |
| 40:29 | Build | Farm |
| 40:30 | Build | Farm |
| 40:31 | Build | Farm |
| 40:56 | Build | Stable |
Build order — Kreacher
First 150 of 341 actions detected
| 0:02 | Build | House |
| 0:05 | Build | House |
| 0:06 | Create | Villager (Male) |
| 0:06 | Create | Villager (Male) |
| 0:06 | Create | Villager (Male) |
| 0:36 | Create | Villager (Male) |
| 1:26 | Create | Villager (Male) |
| 2:06 | Create | Villager (Male) |
| 2:32 | Build | Mill |
| 2:36 | Create | Villager (Male) |
| 3:02 | Create | Villager (Male) |
| 3:18 | Build | House |
| 3:25 | Create | Villager (Male) |
| 3:40 | Create | Villager (Male) |
| 4:09 | Create | Villager (Male) |
| 4:40 | Create | Villager (Male) |
| 5:09 | Create | Villager (Male) |
| 5:17 | Build | Mule Cart |
| 5:21 | Create | Villager (Male) |
| 5:42 | Create | Villager (Male) |
| 6:23 | Create | Villager (Male) |
| 6:46 | Build | House |
| 7:00 | Create | Villager (Male) |
| 7:32 | Research | Feudal Age |
| 7:54 | Build | Barracks |
| 8:17 | Create | Villager (Male) |
| 8:47 | Build | Mule Cart |
| 8:53 | Build | House |
| 8:56 | Create | Militia |
| 9:18 | Create | Villager (Male) |
| 9:20 | Create | Militia |
| 9:21 | Create | Militia |
| 9:28 | Build | House |
| 9:45 | Age | Feudal Age |
| 9:46 | Create | Militia |
| 10:01 | Create | Militia |
| 10:18 | Build | House |
| 10:22 | Create | Villager (Male) |
| 10:37 | Create | Militia |
| 10:42 | Build | Farm |
| 10:52 | Create | Militia |
| 10:56 | Create | Villager (Male) |
| 11:03 | Build | Farm |
| 11:10 | Create | Militia |
| 11:20 | Create | Militia |
| 11:31 | Create | Spearman |
| 11:33 | Create | Spearman |
| 11:36 | Build | Farm |
| 12:02 | Create | Villager (Male) |
| 12:07 | Create | Militia |
| 12:36 | Create | Militia |
| 12:38 | Create | Spearman |
| 12:41 | Build | Farm |
| 12:43 | Create | Villager (Male) |
| 12:51 | Build | House |
| 13:03 | Research | Loom |
| 13:08 | Build | Farm |
| 13:19 | Build | Farm |
| 13:22 | Create | Villager (Male) |
| 13:44 | Create | Militia |
| 13:46 | Research | Man-at-Arms (upgrade) |
| 13:54 | Create | Villager (Male) |
| 14:11 | Build | Farm |
| 14:13 | Create | Villager (Male) |
| 14:34 | Build | Farm |
| 14:40 | Create | Villager (Male) |
| 15:00 | Build | House |
| 15:02 | Build | House |
| 15:07 | Build | Farm |
| 15:20 | Research | Long Swordsman (upgrade) |
| 15:38 | Create | Villager (Male) |
| 16:08 | Build | Blacksmith |
| 16:10 | Build | House |
| 16:26 | Create | Villager (Male) |
| 16:29 | Create | Villager (Male) |
| 16:56 | Build | Farm |
| 17:16 | Research | Scale Mail Armor |
| 17:18 | Research | Forging |
| 17:37 | Build | Farm |
| 17:39 | Create | Villager (Male) |
| 17:52 | Create | Militia |
| 17:52 | Create | Militia |
| 17:54 | Create | Militia |
| 18:00 | Build | Barracks |
| 18:06 | Build | Farm |
| 18:07 | Create | Villager (Male) |
| 19:11 | Create | Militia |
| 19:12 | Create | Militia |
| 19:16 | Build | Farm |
| 19:16 | Create | Villager (Male) |
| 19:21 | Create | Villager (Male) |
| 19:30 | Build | Market |
| 20:15 | Build | Farm |
| 20:16 | Build | Farm |
| 20:17 | Build | Farm |
| 20:23 | Create | Villager (Male) |
| 20:24 | Create | Villager (Male) |
| 20:25 | Create | Militia |
| 20:25 | Create | Militia |
| 20:57 | Build | Farm |
| 21:03 | Build | Archery Range |
| 21:05 | Build | House |
| 21:09 | Create | Militia |
| 21:09 | Create | Militia |
| 21:15 | Build | House |
| 21:16 | Build | House |
| 21:20 | Build | House |
| 21:27 | Research | Double-Bit Axe |
| 21:32 | Build | Farm |
| 22:32 | Create | Skirmisher |
| 22:32 | Create | Skirmisher |
| 22:53 | Research | Castle Age |
| 23:02 | Build | Stable |
| 23:12 | Create | Villager (Male) |
| 23:19 | Research | Horse Collar |
| 23:54 | Build | Mule Cart |
| 23:57 | Create | Villager (Male) |
| 24:00 | Create | Militia |
| 24:01 | Create | Militia |
| 24:02 | Create | Militia |
| 24:02 | Create | Militia |
| 24:09 | Create | Militia |
| 24:15 | Create | Skirmisher |
| 24:15 | Create | Skirmisher |
| 25:33 | Age | Castle Age |
| 26:21 | Create | Skirmisher |
| 26:21 | Create | Skirmisher |
| 26:25 | Create | Knight |
| 26:25 | Create | Knight |
| 26:25 | Create | Knight |
| 26:31 | Build | House |
| 26:32 | Build | House |
| 26:39 | Create | Villager (Male) |
| 26:40 | Create | Villager (Male) |
| 26:45 | Research | Two-Handed Swordsman (upgrade) |
| 26:45 | Research | Gambesons |
| 27:19 | Create | Militia |
| 27:20 | Create | Militia |
| 28:24 | Create | Militia |
| 28:25 | Create | Militia |
| 29:49 | Create | Militia |
| 29:49 | Create | Militia |
| 29:50 | Create | Militia |
| 29:51 | Create | Militia |
| 29:51 | Create | Militia |
| 29:51 | Create | Militia |
| 29:53 | Research | Squires |
| 30:24 | Research | Stone Mining |
| 30:24 | Research | Gold Mining |
| 30:27 | Create | Villager (Male) |
Match timeline
| 7:54 | Kreacher · first_building Barracks |
| 9:45 | Kreacher · age_up feudal |
| 10:32 | Hedwig · first_building Barracks |
| 11:25 | sto100 · age_up feudal |
| 11:35 | Hedwig · age_up feudal |
| 11:56 | ALESHIN_ALX · age_up feudal |
| 12:24 | Hedwig · first_building Siege Workshop |
| 13:20 | sto100 · first_building Barracks |
| 14:03 | ALESHIN_ALX · first_market_sell 100 stone |
| 14:04 | ALESHIN_ALX · first_market_buy 100 food |
| 14:26 | sto100 · first_market_buy 100 stone |
| 16:09 | sto100 · age_up castle |
| 16:12 | sto100 · first_building Monastery |
| 16:45 | ALESHIN_ALX · age_up castle |
| 17:09 | ALESHIN_ALX · first_building Siege Workshop |
| 17:36 | sto100 · first_building Castle |
| 17:41 | ALESHIN_ALX · first_building Castle |
| 17:52 | sto100 · first_building Archery Range |
| 19:33 | sto100 · first_market_sell 100 food |
| 21:03 | Kreacher · first_building Archery Range |
| 22:51 | Kreacher · first_market_buy 100 food |
| 23:02 | Kreacher · first_building Stable |
| 23:29 | Hedwig · wall_segment Palisade Wall x10 |
| 25:33 | Kreacher · age_up castle |
| 28:43 | Hedwig · first_building Stable |
| 29:00 | Hedwig · age_up castle |
| 29:13 | Hedwig · first_market_buy 100 food |
| 30:30 | Hedwig · first_market_sell 100 food |
| 30:36 | Kreacher · first_building Monastery |
| 31:38 | Kreacher · first_building Siege Workshop |
| 31:48 | sto100 · age_up imperial |
| 33:08 | ALESHIN_ALX · wall_segment Stone Wall x1 |
| 33:43 | Kreacher · first_building Castle |
| 36:04 | ALESHIN_ALX · tribute_sent a jugador 1 |
| 36:04 | ALESHIN_ALX · tribute_sent a jugador 2 |
| 36:04 | ALESHIN_ALX · tribute_sent a jugador 4 |
| 36:22 | ALESHIN_ALX · tribute_sent a jugador 1 |
| 36:22 | ALESHIN_ALX · tribute_sent a jugador 2 |
| 36:22 | ALESHIN_ALX · tribute_sent a jugador 4 |
| 37:51 | ALESHIN_ALX · first_building Barracks |
| 40:56 | ALESHIN_ALX · first_building Stable |
| 48:16 | Kreacher · tribute_sent a jugador 1 |
| 48:16 | Kreacher · tribute_sent a jugador 2 |
| 48:16 | Kreacher · tribute_sent a jugador 3 |
| 49:56 | ALESHIN_ALX · age_up imperial |
| 52:16 | Kreacher · age_up imperial |
| 54:22 | Hedwig · resign |
[ AI ANALYSIS · 1 CREDIT ]
What really happened in this match?
Wolo.gg analyzes every decision: build order, eco, micro, common mistakes by bracket. Personalized analysis on WhatsApp or Discord in 30 seconds.
Civ guide
Cumans
Map guide
Arena
Perfil
Jugador #18040865